 Dungeon Crawl Stone Soup version 0.17-a0-1141-g3e25b61 (webtiles) character file.

42 HEYYEYAAE the Ducker (level 3, 0/26 HPs)
             Began as an Octopode Fighter on May 26, 2015.
             Succumbed to poison (a potion of poison)
             ... on level 2 of the Dungeon.
             The game lasted 00:01:36 (1291 turns).

HEYYEYAAE the Ducker (Octopode Fighter)             Turns: 1291, Time: 00:01:37

Health: 0/26       AC:  1    Str: 15    XL:     3   Next: 56%
Magic:  3/3        EV:  9    Int: 10    God:
Gold:   155        SH: 13    Dex: 12    Spells: 0 memorised, 2 levels left

rFire  . . .     SeeInvis .     a - +0 war axe
rCold  . . .     Clarity  .     e - +0 large shield
rNeg   . . .     SustAt   +     (helmet restricted)
rPois  .         Gourm    .     (no amulet)
rElec  .         Spirit   .     f - ring of sustain attributes
rCorr  .         Warding  .     (no ring)
rMut   .         Stasis   .     (no ring)
MR     .....                    (no ring)
Stlth  ++........               (no ring)
                                (no ring)
                                (no ring)
                                (no ring)

@: lethally poisoned (0 -> -4), flying, very slightly contaminated, not
resistant to hostile enchantments, unstealthy
A: almost no armour, amphibious, 8 rings, constrict 8, camouflage 1, gelatinous
body 1
a: no special abilities


You were on level 2 of the Dungeon.
You were very hungry.

You visited 1 branch of the dungeon, and saw 3 of its levels.

You collected 155 gold pieces.

Inventory:

Hand weapons
 a - a +0 war axe (weapon)
Armour
 b - a +0 shield
 e - a +0 large shield (worn)
Jewellery
 f - a ring of sustain attributes (left tentacle)
Scrolls
 h - a scroll of fog {unknown}
 i - a scroll of magic mapping {unknown}
 j - a scroll of remove curse {unknown}
 k - 2 scrolls of teleportation {unknown}
 l - 2 scrolls of identify {unknown}
 n - 2 scrolls of enchant armour {unknown}
 r - 2 scrolls of amnesia {unknown}
Potions
 c - a potion of might
Comestibles
 d - 2 bread rations
 o - 5 fruits
 p - a slice of pizza


   Skills:
 + Level 3.1 Fighting
 + Level 2.5 Axes
 * Level 3.6 Dodging
 * Level 3.4 Shields


You had 2 spell levels left.
You didn't know any spells.

Dungeon Overview and Level Annotations

Branches:
Dungeon (3/15)

Altars:

Annotations:
D:3 HEYYEYAAE's ghost, average OpFi


Innate Abilities, Weirdness & Mutations

You cannot wear most types of armour.
You are amphibious.
You can wear up to eight rings at the same time.
You can use your tentacles to constrict eight enemies at once.
Your skin changes colour to match your surroundings (Stealth).
Your rubbery body absorbs attacks (AC +1).


Message History

* * * LOW HITPOINT WARNING * * *
You feel sick.
There is a stone staircase leading up here.
* * * LOW HITPOINT WARNING * * *
You feel sick.
You fly upwards.
* * * LOW HITPOINT WARNING * * *
You feel sick.
There is a stone staircase leading down here.
Unknown command.
Unknown command.
* * * LOW HITPOINT WARNING * * *
You feel sick.
* * * LOW HITPOINT WARNING * * *
You feel sick.
* * * LOW HITPOINT WARNING * * *
You feel sick.
* * * LOW HITPOINT WARNING * * *
You feel sick.
You die...

.#.............#
#.#
.###.#..####.###
#.# .....#..#
#.# #.#
<.......# #.#
#.# ####.#.##
#.# #.# ####.#.#
#.# #.# ...#.#.#
#.# ########.#
.......#####.#
#........#
#.#.#.......#
#@###.####
##.#.#.#######
#.# #.##
...........# #.#
#..###
.......###.# #.#
##...# ##..####
#.# #.# #..8.#
##..# #.#####.#
#.⌠..# ....#
#..>....# #..8.#
###.# #########
##...# #.# #####


There were no monsters in sight!

Vanquished Creatures
  An adder (D:2)
  An ooze (D:1)
  8 bats (D:1)
  A giant cockroach (D:2)
  A goblin (D:1)
  4 hobgoblins
  A ball python (D:1)
  A giant newt (D:1)
  4 kobolds
  6 rats
28 creatures vanquished.

Notes
Turn   | Place    | Note
--------------------------------------------------------------
     0 | D:1      | HEYYEYAAE the Octopode Fighter began the quest for the Orb.
     0 | D:1      | Reached XP level 1. HP: 16/16 MP: 1/1
   158 | D:1      | Reached XP level 2. HP: 10/21 MP: 2/2
   547 | D:1      | Reached XP level 3. HP: 24/26 MP: 3/3
  1251 | D:3      | Noticed HEYYEYAAE's ghost (average OpFi)
  1288 | D:2      | HP: 1/26 [poison (a potion of poison)]
  1291 | D:2      | Succumbed to poison (a potion of poison)

Vault maps used:
D:1:      scummos_arrival_checkerplants, kennysheep_boxes
D:2:      first_bread, hangedman_feature_mirror
D:3:      nicolae_ru_sacrificial_ziggurat

Action                   || total
-------------------------++-------
Melee: War axe           ||    64
  Use: Potion            ||     3
       Scroll            ||     1
 Stab: Sleeping          ||     6
